 Dungeon Crawl Stone Soup version 0.28.0-47-ge53b351184 (webtiles) character file.

Game seed: 7091170585381103056

120 Kangaroobicon the Covered (level 5, -1/32 HPs)
             Began as a Gargoyle Fighter on May 1, 2022.
             Slain by a river rat (6 damage)
             ... on level 3 of the Dungeon.
             The game lasted 00:11:51 (1595 turns).

Kangaroobicon the Covered (Gargoyle Fighter)        Turns: 1595, Time: 00:11:51

Health: -1/32      AC: 11    Str: 20    XL:     5   Next: 4%
Magic:  5/5        EV:  9    Int:  8    God:
Gold:   89         SH:  4    Dex: 11    Spells: 4/4 levels left

rFire   . . .      SeeInvis .   a - +0 war axe
rCold   . . .      Faith    .   c - +0 buckler
rNeg    + . .      Spirit   .   b - +0 scale mail
rPois   ∞          Reflect  .   (no helmet)
rElec   +          Harm     .   (no cloak)
rCorr   .          Rampage  .   (no gloves)
Will    .....                   (no boots)
Stlth   ..........              (no amulet)
HPRegen 0.10/turn               (no ring)
MPRegen 0.09/turn               (no ring)

@: very slow
A: sickness immunity, AC +4, negative energy resistance 1, electricity
resistance, torment resistance 1, petrification resistance
a: no special abilities


You were on level 3 of the Dungeon.
You visited 1 branch of the dungeon, and saw 3 of its levels.

You collected 89 gold pieces.

Inventory:

Hand Weapons
 a - a +0 war axe (weapon)
Missiles
 j - 25 sling bullets
 n - 20 arrows
 o - 15 bolts
Armour
 b - a +0 scale mail (worn)
 c - a +0 buckler (worn)
 l - an orb of energy
Scrolls
 e - 5 scrolls of identify {unknown}
 i - a scroll of vulnerability {unknown}
 m - a scroll of magic mapping {unknown}
Potions
 d - a potion of might
 f - a potion of heal wounds {unknown}
 g - a potion of haste {unknown}
 h - a potion of lignification {unknown}
 k - a potion of resistance {unknown}


   Skills:
 + Level 3.5 Fighting
 + Level 3.1 Axes
 + Level 4.2 Armour
 + Level 0.7 Dodging
 + Level 0.9 Stealth
 + Level 3.7 Shields


You had 4 spell levels left.
You didn't know any spells.
Your spell library contained the following spells:

 Spells                   Type           Power      Damage    Failure   Level
 Sandblast                Erth           0%         2d4       85%         1
 Passwall                 Tmut/Erth      0%         N/A       94%         2
 Stone Arrow              Conj/Erth      0%         3d7       99%         3
 Petrify                  Tmut/Erth      0%         N/A       100%        4
 Irradiate                Conj/Tmut      0%         3d13      100%        5
 Sublimation of Blood     Necr           Unusable   N/A       N/A         2

Dungeon Overview and Level Annotations

Branches:
Dungeon (3/15)

Altars:


Innate Abilities, Weirdness & Mutations

You are immune to sickness and miasma.
Your stone body is resilient. (AC +4)
You are immune to poison.
You resist negative energy. (rN+)
You are resistant to electric shocks. (rElec)
You are resistant to unholy torment.
You are immune to petrification.


Message History

You enter the shallow water.
Moving in this stuff is going to be slow.
You enter the shallow water.
Moving in this stuff is going to be slow.
A river rat comes into view.
Your unstable footing causes you to fumble your attack.
The river rat barely misses you.
The river rat bites you but does no damage.
Your unstable footing causes you to fumble your attack.
The river rat completely misses you.
You hit the river rat.
The river rat is moderately wounded.
The river rat bites you but does no damage.
You closely miss the river rat.
The river rat is moderately wounded.
The river rat bites you! You block the river rat's attack.
You slash the river rat!
You kill the river rat!
A river rat comes into view.
You slash the river rat!
The river rat is almost dead.
You hear the rusting of a drain.
The river rat bites you.
You hit the river rat but do no damage.
The river rat is almost dead.
The river rat bites you.
* * * LOW HITPOINT WARNING * * *
Your unstable footing causes you to fumble your attack.
You block the river rat's attack. x2
You barely miss the river rat.
The river rat is almost dead.
The river rat bites you.
* * * LOW HITPOINT WARNING * * *
You hit the river rat.
You kill the river rat!
You have reached level 5! 2 river rats come into view.
The river rat misses you. The river rat bites you.
You die...

##.....######.# ###.#.# #.#
# #..)..........#
#.#.####.# .#
#####.######### #.#..<##.#
#.# #.#### #.#.####.#...
#....############.####.#.#
#.†..#≈≈≈#≈≈≈r≈≈#........#
#...≈#≈#≈#≈######.####.####
#...≈#≈#≈#r#≈≈≈≈#.#.......#
#..≈≈≈≈#≈≈≈@≈# #....<.##.#
#...≈#≈#≈##### #########.#
#...≈≈≈#≈≈ #.........#
#....#≈### ###########
#...≈≈≈# #....≈≈# #....###
######


You could see a river rat.

Vanquished Creatures
  4 gnolls (D:2)
  2 adders
  2 river rats (D:3)
  A worm (D:3)
  5 endoplasms
  2 giant cockroaches
  5 goblins
  3 hobgoblins
  2 quokkas (D:1)
  2 ball pythons
  9 bats
  A frilled lizard (D:2)
  4 kobolds
  5 rats
47 creatures vanquished.

Notes
Turn   | Place    | Note
-------+----------+-------------------------------------------
     0 | D:1      | Kangaroobicon the Gargoyle Fighter began the quest for the
                  | Orb.
     0 | D:1      | Reached XP level 1. HP: 14/14 MP: 1/1
    77 | D:1      | Reached XP level 2. HP: 7/19 MP: 2/2
   398 | D:1      | Reached XP level 3. HP: 23/23 MP: 3/3
   796 | D:2      | Reached XP level 4. HP: 10/28 MP: 4/4
  1042 | D:2      | Reached skill level 4 in Armour
  1592 | D:3      | Reached XP level 5. HP: 4/32 MP: 5/5
  1595 | D:3      | Slain by a river rat

Illustrated notes

Levels and vault maps discovered:
D:1:      psy_arrival_wood_between_worlds, layout_rooms,
          chequers_serial_rivers_micro_b
D:2:      layout_basic
D:3:      layout_basic, serial_shops, shop_fountains, lightli_sewer_entry_pipes

Skill      XL: |  1  2  3  4 |
---------------+-------------+-----
Axes           | 2 3 |  3.1
Armour         | 4 |  4.2
Fighting       | |  3.5
Dodging        | |  0.7
Stealth        | |  0.9
Shields        | |  3.7

Action                   |  1- 3 |  4- 6 || total
-------------------------+-------+-------++-------
Melee: War axe           |    98 |    49 ||   147
Armor: Scale mail        |    72 |    20 ||    92
Dodge: Dodged            |    48 |    17 ||    65
Block: Buckler           |    26 |    13 ||    39
